AoeStats
← SuperZèbre

Arena

510288333Analyzed
1v1 RM · 1d ago on Sep 30, 2026· 44m 53s· 2 players
Game mode
Random Map
Map size
Tiny (2 player)
Population
200
Speed
Normal
Resources
Standard
Victory
Conquest
Starting age
Dark Age
Ending age
Imperial Age
RankedLock teamsTeams togetherTeam positionsShared explorationLock speedFull tech treeHidden civsTurbo modeCheats
Victory
Defeat
🇨🇳 Khitans · China
636
+16
🇧🇪 Vietnamese · Belgium
643
-16
I_Never_Rush
11:55 Feudal Age
11:56 Loom
13:48 Double-Bit Axe
13:54 Domestication
16:35 Castle Age
14:32 Gold Mining
18:43 Husbandry
19:06 Bow Saw
29:06 Imperial Age
27:10 Stone Mining
27:05 Treadmill Crane
27:39 Fortified Wall
29:38 Town Watch
30:29 Wheelbarrow
32:00 Two-Man Saw
30:32 Light Cavalry
31:27 Forging
31:23 Scale Barding Armor
31:10 Fletching
32:50 Iron Casting
31:44 Hussar
32:50 Hand Cart
32:36 Town Patrol
33:19 Conscription
33:20 Pastoralism
33:54 Squires
33:38 Heavy Rocket Cart
34:48 Chain Barding Armor
34:23 Bodkin Arrow
35:43 Lamellar Armor
36:23 Plate Barding Armor
36:06 Padded Archer Armor
36:11 Elite Fire Lancer
37:14 Siege Engineers
38:12 Chemistry
37:11 Murder Holes
37:39 Ballistics
37:16 Murder Holes
38:08 Stone Shaft Mining
38:22 Bracer
38:38 Leather Archer Armor
39:24 Scale Mail Armor
39:23 Elite Liao Dao
39:55 Heavy Camel Rider
41:57 Guilds
42:12 Chain Mail Armor
42:31 Ring Archer Armor
SuperZèbre
0:50 Loom
13:08 Feudal Age
13:28 Feudal Age
19:31 Castle Age
17:29 Double-Bit Axe
17:26 Horse Collar
18:55 Stone Mining
19:07 Gold Mining
24:50 Stone Shaft Mining
28:02 Heavy Plow
29:16 Pikeman
29:57 Squires
29:43 Arson
32:55 Imperial Age
31:11 Forging
31:01 Scale Mail Armor
31:02 Padded Archer Armor
30:54 Fletching
32:44 Iron Casting
32:20 Thumb Ring
33:27 Chain Mail Armor
33:28 Leather Archer Armor
33:48 Bow Saw
33:28 Halberdier
34:33 Paper Money
34:24 Scale Barding Armor
34:15 Bodkin Arrow
33:48 Elite Skirmisher
34:31 Murder Holes
34:58 Ballistics
35:12 Imperial Skirmisher
36:36 Town Watch
37:27 Wheelbarrow
37:50 Crop Rotation
38:24 Two-Man Saw
37:11 Elite Battle Elephant
39:34 Chemistry
38:16 Treadmill Crane
40:48 Ring Archer Armor
40:19 Bracer
Connection lost

Rejoining the realm…

Still unreachable

The connection could not be restored.

Session expired

The server has moved on; the page needs a fresh start.